 Dungeon Crawl Stone Soup version 0.30-a0-737-gf23d94013f (webtiles) character file.

Game seed: 11155911308432793555

1099 Newt the Chucker (level 8, -3/60 HPs)
             Began as a Demonspawn Gladiator on Feb 1, 2023.
             Was an Initiate of Kikubaaqudgha.
             Slain by a steam dragon (9 damage)
             ... on level 5 of the Dungeon.
             The game lasted 00:06:41 (5799 turns).

Newt the Chucker (Demonspawn Gladiator)             Turns: 5799, Time: 00:06:42

Health: -3/60      AC:  5    Str: 16    XL:     8   Next: 10%
Magic:  20/23      EV: 10    Int: 16    God:    Kikubaaqudgha [......]
Gold:   243        SH:  8    Dex: 15    Spells: 13/15 levels left

rFire   . . .      SeeInvis +    q - +3 dagger (venom)
rCold   . . .      Faith    .    v - +1 kite shield
rNeg    . . .      Spirit   .    b - +0 leather armour
rPois   .          Reflect  .    o - +2 hat
rElec   .          Harm     .    g - scarf {shadows}
rCorr   .          Rampage  .    (no gloves)
Will    .....                    (no boots)
Stlth   ++                       (no amulet)
HPRegen 0.30/turn                B - ring of magical power
MPRegen 0.18/turn                e - +6 ring of intelligence

@: very slightly contaminated, slowed, very slow
A: hooves 2, foul stench 1, sturdy frame 2, demonic magic 2, see invisible,
subdued magic 1
a: Renounce Religion


You were on level 5 of the Dungeon.
You worshipped Kikubaaqudgha.
Kikubaaqudgha was noncommittal.
You visited 2 branches of the dungeon, and saw 6 of its levels.
You also visited: Sewer.

You collected 243 gold pieces.

Inventory:

Hand Weapons
 a - a +1 rapier
 q - a +3 dagger of venom (weapon)
Missiles
 d - 2 throwing nets
 m - 51 stones (quivered)
 n - 3 datura-tipped darts
 t - 8 boomerangs
 u - 2 boomerangs of dispersal
 w - 24 poisoned darts
Armour
 b - a +0 leather armour (worn)
 c - a +0 helmet
 g - a scarf of shadows (worn)
 h - a +0 pair of boots
 o - a +2 hat (worn)
 v - a +1 kite shield (worn)
Jewellery
 e - a +6 ring of intelligence (right hand)
 B - a ring of magical power (left hand)
 F - a ring of magical power
Wands
 y - a wand of digging (6)
 z - a wand of roots (21)
Scrolls
 i - 2 scrolls of teleportation
 A - 2 scrolls of blinking
 C - a scroll of fog
 D - a scroll of magic mapping
 G - a scroll of summoning
 H - 2 scrolls of identify
Potions
 f - 3 potions of cancellation
 j - a potion of degeneration
 k - 3 potions of brilliance
 l - 2 potions of mutation
 p - a potion of haste
 r - 2 potions of lignification {unknown}
 s - 3 potions of curing {unknown}
 x - a potion of heal wounds {unknown}
 E - a potion of resistance {unknown}


   Skills:
 - Level 4.0 Fighting
 + Level 4.3 Short Blades
 - Level 6.0 Throwing
 - Level 2.6 Dodging
 - Level 1.5 Stealth
 - Level 4.0 Spellcasting


You had 13 spell levels left.
You knew the following spells:

 Your Spells              Type           Power      Damage    Failure   Level
a - Ensorcelled Hibernat  Hex/Ice        4%         N/A       63%         2

Your spell library contained the following spells:

 Spells                   Type           Power      Damage    Failure   Level
 Scorch                   Fire           4%         2d5       63%         2
 Dazzling Flash           Conj/Hex       4%         N/A       86%         3
 Spider Form              Tmut/Pois      2%         N/A       86%         3
 Anguish                  Hex/Necr       1%         N/A       99%         4
 Flame Wave               Conj/Fire      2%         2d4       99%         4
 Iskenderun's Mystic Bla  Conj/Tloc      2%         2d3       99%         4
 Conjure Ball Lightning   Conj/Air       1%         3x3d6     100%        6
 Starburst                Conj/Fire      1%         6d3       100%        6
 Summon Cactus Giant      Summ           1%         N/A       100%        6
 Discord                  Hex            1%         N/A       100%        8
 Disjunction              Tloc           1%         N/A       100%        8


Dungeon Overview and Level Annotations

Branches:
Dungeon (5/15)             Temple (1/1) D:5           Sewer (visited)

Altars:
Ashenzari
Cheibriados
Dithmenos
Fedhas
Gozag
Hepliaklqana
Kikubaaqudgha
Nemelex Xobeh
Okawaru
Qazlal
Sif Muna
Trog
Uskayaw
Vehumet
Wu Jian
Xom


Innate Abilities, Weirdness & Mutations

You have hoof-like feet.
You may rarely emit foul miasma when damaged in melee.
Your movements are less encumbered by armour. (ER -4)
Spells you cast may paralyse nearby enemies.
You have supernaturally acute eyesight. (SInv)
Your spells are a little easier to cast, but a little less powerful.


Message History

No reachable target in view!
No reachable target in view!
No reachable target in view!
You are engulfed in a cloud of scalding steam.
You block the steam dragon's attack. x2
Casting: Ensorcelled Hibernation (dangerous; 63% risk of failure)
Confirm with . or Enter, or press ? or * to list all spells.
Aiming: Ensorcelled Hibernation (dangerous; 63% risk of failure)
Press: ? - help, Shift-Dir - straight line, f - steam dragon
Aim: a steam dragon (catching its breath, chance to affect: 35%)
You miscast Ensorcelled Hibernation.
You are very lightly contaminated with residual magic.
Strange energies run through your body.
You feel yourself slow down. You block the steam dragon's attack.
The steam dragon barely misses you.
Casting: Ensorcelled Hibernation (dangerous; 63% risk of failure)
Confirm with . or Enter, or press ? or * to list all spells.
Aiming: Ensorcelled Hibernation (dangerous; 63% risk of failure)
Press: ? - help, Shift-Dir - straight line, f/p - steam dragon
Aim: a steam dragon (catching its breath, chance to affect: 35%)
The steam dragon looks drowsy...
Malevolent energies surge around you.
The helpless steam dragon fails to defend itself.
You impale the steam dragon!!
The steam dragon looks as sick as possible!
The steam dragon is severely wounded.
The steam dragon is no longer paralysed.
You block the steam dragon's attack. x2; The steam dragon barely misses you.
The steam dragon claws you but does no damage.
You barely miss the steam dragon. Your kick misses the steam dragon.
The steam dragon is severely wounded.
The steam dragon breathes steam at you. The ball of steam hits you!
You hit the steam dragon.
The steam dragon looks as sick as possible!
You kick the steam dragon.
The steam dragon is almost dead.
You are engulfed in a cloud of scalding steam.
* * * LOW HITPOINT WARNING * * *
The steam dragon bites you!
You die...
Kikubaaqudgha rasps: "You have failed me!
Welcome... death!"

#########
#######......§# ##
#.......#####§# .#
#.......# #@#
.###.......##...D#
...#.......##.#...
...#......###
#.##.
...#.†........#.
..
...#.......##.#.
##
...##'#.......#.
#####+######
...##.##.#.....
#..(.........
†..........##.#
#.............


You could see a steam dragon (extremely poisoned).

Vanquished Creatures
  Edmund (D:5)
  A black bear (D:5)
  A centaur (D:5)
  2 kobold brigands (Sewer)
  Blork the orc (D:4)
  3 scorpions (D:5)
  A jelly (D:5)
  A hound (D:4)
  2 iguanas (D:5)
  An orc wizard (D:2)
  2 gnolls (D:3)
  12 adders
  3 river rats (Sewer)
  An ufetubus (D:5)
  2 dart slugs
  12 orcs
  11 endoplasms
  5 giant cockroaches
  9 goblins
  3 hobgoblins (D:1)
  5 jackals
  6 quokkas
  12 ball pythons
  5 bats
  8 frilled lizards
  10 kobolds
  5 rats
125 creatures vanquished.

Vanquished Creatures (others)
  A gnoll (D:3)
  10 plants (Sewer)
11 creatures vanquished.

Grand Total: 136 creatures vanquished

Notes
Turn   | Place    | Note
-------+----------+-------------------------------------------
     0 | D:1      | Newt the Demonspawn Gladiator began the quest for the Orb.
     0 | D:1      | Reached XP level 1. HP: 16/16 MP: 1/1
    79 | D:1      | Reached skill level 1 in Stealth
   234 | D:1      | Gained mutation: You have large cloven feet. [demonic
                  | ancestry]
   234 | D:1      | Reached XP level 2. HP: 22/22 MP: 2/2
   769 | D:1      | Gained mutation: Your movements are slightly less
                  | encumbered by armour. (ER -2) [demonic ancestry]
   769 | D:1      | Reached XP level 3. HP: 25/29 MP: 3/3
  1705 | D:2      | Reached skill level 2 in Throwing
  1705 | D:2      | Gained mutation: You have hoof-like feet. [demonic
                  | ancestry]
  1705 | D:2      | Reached XP level 4. HP: 23/37 MP: 4/4
  1817 | D:3      | Found a faded altar of an unknown god.
  1827 | D:3      | Gained mutation: You are weak. (Str -2) [potion of
                  | mutation]
  1829 | D:3      | Lost mutation: You are weak. (Str -2) [potion of mutation]
  1829 | D:3      | Gained mutation: Your spells are a little easier to cast,
                  | but a little less powerful. [potion of mutation]
  1829 | D:3      | Gained mutation: You have supernaturally acute eyesight.
                  | (SInv) [potion of mutation]
  1829 | D:3      | Gained mutation: Your movements are less encumbered by
                  | armour. (ER -4) [potion of mutation]
  2258 | D:3      | Reached skill level 3 in Throwing
  2393 | D:3      | Gained mutation: Spells you cast may paralyse adjacent
                  | enemies. [demonic ancestry]
  2393 | D:3      | Reached XP level 5. HP: 42/42 MP: 5/5
  2641 | D:4      | Noticed Blork the orc
  2651 | D:4      | Killed Blork the orc
  2652 | D:4      | Reached skill level 4 in Throwing
  3024 | D:4      | Gained mutation: You may rarely emit foul miasma when
                  | damaged in melee. [demonic ancestry]
  3024 | D:4      | Reached XP level 6. HP: 43/48 MP: 6/6
  3749 | D:5      | Entered Level 5 of the Dungeon
  3761 | D:5      | Reached skill level 5 in Throwing
  3819 | D:5      | Found a glowing drain.
  3845 | Sewer    | Entered a sewer
  4438 | Sewer    | Reached skill level 6 in Throwing
  4438 | Sewer    | Reached skill level 1 in Spellcasting
  4438 | Sewer    | Mutation became permanent: Your movements are slightly less
                  | encumbered by armour. (ER -2) [demonic ancestry]
  4438 | Sewer    | Gained mutation: Your movements are less encumbered by
                  | armour. (ER -4) [demonic ancestry]
  4438 | Sewer    | Reached XP level 7. HP: 46/54 MP: 8/8
  5004 | D:5      | Noticed Edmund
  5023 | D:5      | Killed Edmund
  5150 | D:5      | Found a staircase to the Ecumenical Temple.
  5265 | Temple   | Entered the Ecumenical Temple
  5572 | Temple   | Became a worshipper of Kikubaaqudgha
  5623 | D:5      | Learned a level 2 spell: Ensorcelled Hibernation
  5654 | D:5      | Gained mutation: Spells you cast may paralyse nearby
                  | enemies. [demonic ancestry]
  5654 | D:5      | Reached XP level 8. HP: 60/60 MP: 14/14
  5799 | D:5      | Slain by a steam dragon

Illustrated notes

Levels and vault maps discovered:
D:1:      lightli_arrival_farm, layout_basic, minivault_4,
          hangedman_decor_slide_cut
D:2:      layout_rooms, hex_tiny, minivault_24, hex_medium,
          minmay_misc_feat_pillars
D:3:      layout_rooms, hellmonk_ecumenical_altar_zigzags
D:4:      layout_basic, uniq_blork_the_orc
D:5:      layout_basic, temple_pool_b, gup_sewer_entry_glass, uniq_edmund
Temple:   nicolae_temple_bog_church

Skill      XL: |  1  2  3  4  5  6  7  8 |
---------------+-------------------------+-----
Stealth        | 1 |  1.5
Fighting       | 3 4 |  4.0
Throwing       | 2 3 4 6 |  6.0
Spellcasting   | 1 4 |  4.0
Short Blades   | 3 4 |  4.3
Dodging        | |  2.6

Action                     |  1- 3 |  4- 6 |  7- 9 || total
---------------------------+-------+-------+-------++-------
  Melee: Rapier            |    93 |       |       ||    93
         Kick              |    19 |    27 |    20 ||    66
         Dagger            |    13 |   185 |    54 ||   252
  Throw: Throwing net      |     2 |       |     1 ||     3
         Javelin           |       |     2 |       ||     2
         Dart              |       |     3 |       ||     3
   Cast: Ensorcelled Hiber |       |       |     1 ||     1
    Use: Scroll            |     8 |     4 |     1 ||    13
         Potion            |       |     2 |       ||     2
   Stab: Sleeping          |     5 |     2 |     3 ||    10
         Held in net/web   |       |       |     1 ||     1
 Armour: Leather armour    |    26 |    51 |    18 ||    95
  Dodge: Dodged            |    53 |    91 |    21 ||   165
  Block: Kite shield       |       |    62 |    26 ||    88

Table legend: (Time is in decaauts)
 A = Elapsed time spent in this place.
 B = Non-inter-level travel time spent in this place.
 C = Inter-level travel time spent in this place.
 D = Time resting spent in this place.
 E = Time spent auto-exploring this place.
 F = Levels seen in this place.
 G = Mean time per level.
                   A        B        C        D        E       F      G
               +--------+--------+--------+--------+--------+-----+--------+
         Total |   6015 |   5836 |    179 |    916 |   3890 |   7 |  859.3 |
       Dungeon |   4420 |   4268 |    152 |    639 |   2844 |   5 |  884.0 |
        Temple |    321 |    294 |     27 |      0 |    279 |   1 |  321.0 |
         Sewer |   1273 |   1273 |      0 |    277 |    766 |   1 | 1273.0 |
               +--------+--------+--------+--------+--------+-----+--------+

Top non-repeatable levels by time:
   Sewer: 1273 daAuts
     D:1: 1113 daAuts
     D:4: 1112 daAuts
     D:3: 929 daAuts
     D:5: 654 daAuts
     D:2: 612 daAuts
  Temple: 321 daAuts
